[Event "7th Sharjah Masters 2024"]
[Site "Sharjah"]
[Date "2024.05.18"]
[Round "5.36"]
[White "Seemann, Jakub"]
[Black "Dudin, Gleb"]
[Result "0-1"]
[ECO "A20"]
[WhiteElo "2475"]
[BlackElo "2554"]
[Annotator "TA"]
[PlyCount "74"]
[EventDate "2024.05.13"]
[EventType "swiss"]
[EventCountry "UAE"]
[SourceTitle "playchess.com"]
[Source "ChessBase"]
[SourceQuality "1"]
[TimeControl "5400+30"]

1. c4 e5 2. g3 Nf6 3. Bg2 h6 4. d3 d5 5. cxd5 Nxd5 6. Nc3 {[%emt 0:04:00] A20: English Opening: 1...e5.} Nf6 7. f4 $146 ({Predecessor:} 7. Qb3 c6 8. Nf3 Nbd7 9. O-O Bc5 10. e3 O-O 11. d4 exd4 12. exd4 Bd6 13. Re1 Nb6 {½-½ Svidler,P (2689)-Anand,V (2754) Amsterdam Levitov Rapid 2023 (1)}) 7... Bc5 8. Nf3 exf4 9. d4 Bb6 $1 10. Bxf4 Nc6 11. Qa4 O-O 12. O-O-O Bd7 13. Qa3 a5 14. Ne5 a4 (14... Bxd4 $2 15. Nxc6 Bxc6 16. Bxc6 $18) 15. Nxc6 (15. Nxd7 $11 Qxd7 16. d5 (16. e3 g5 $17)) 15... Bxc6 $15 16. e4 Ng4 (16... Bxd4 $2 17. Nd5 $18 (17. Ne2 Bxb2+ 18. Kxb2 Qb8 $18)) (16... Re8 $15 17. d5 Bd7) 17. Rd2 (17. d5 Bd7 18. e5 g5 (18... Nf2 $2 19. e6 $18)) ({White should try} 17. Rhe1 $1 $11) 17... g5 $1 $15 (17... Bxd4 $2 18. Rhd1 $18) 18. h3 {[%emt 0:01:27] [#]} ({Better is} 18. Bf3 $15) 18... gxf4 (18... Nf6 $1 $17 19. Be3 Re8) 19. hxg4 $11 Bxd4 (19... fxg3 $6 20. Ne2 $16) 20. Nd5 (20. gxf4 $2 Be3 21. Nd5 Bxd2+ 22. Kxd2 Bxd5 23. exd5 Qf6 $19) 20... Bxd5 21. Rxd4 f3 $1 22. Bxf3 Qg5+ 23. Kb1 Be6 24. Rh5 Qg7 25. Qd3 (25. Rxa4 $11 {keeps the balance.} Rxa4 26. Qxa4) 25... a3 $1 $17 (25... Bxg4 26. Bxg4 Qxg4 27. Rxh6 $16) 26. b4 {[%emt 0:00:45] [#]} (26. Bd1 $17) 26... Rad8 $1 $19 ({Stronger than} 26... Bxg4 27. Bxg4 Qxg4 28. Rxh6 $11) 27. e5 Qg6 (27... Rxd4 $19 {has better winning chances.} 28. Qxd4 Qg6+ 29. Be4 Qxg4) 28. Be4 $17 Rxd4 ({Much weaker is} 28... Qxg4 $6 29. Rxd8 Qxh5 30. Rxf8+ Kxf8 31. Qd8+ Kg7 32. Qf6+ Kg8 33. Qd8+ Kg7 34. Qf6+ Kg8 35. Qd8+ Kg7 $11) 29. Qxd4 $2 (29. Bxg6 $17 {only move.} Rxd3 30. Bxd3) 29... Qxg4 $19 30. Rh4 Qg5 (30... Qxg3 $2 {perishes.} 31. Rh1 $18) 31. Qc3 (31. Bc2 $142) 31... Rd8 $19 32. Rh1 $2 (32. Bc2) 32... Qd2 (32... Bf5 $142 33. Bxf5 Qxf5+ 34. Kc1 Rd3) 33. Qxd2 $19 Rxd2 34. Bc2 Kg7 35. Re1 Rg2 36. b5 Rxg3 37. Be4 b6 0-1

[Event "7th Sharjah Masters 2024"]
[Site "Sharjah"]
[Date "2024.05.18"]
[Round "5.37"]
[White "Dronavalli, Harika"]
[Black "Can, Emre"]
[Result "0-1"]
[ECO "E30"]
[WhiteElo "2504"]
[BlackElo "2549"]
[Annotator "TA"]
[PlyCount "143"]
[EventDate "2024.05.13"]
[EventType "swiss"]
[EventCountry "UAE"]
[SourceTitle "playchess.com"]
[Source "ChessBase"]
[SourceQuality "1"]
[TimeControl "5400+30"]

1. d4 d5 2. c4 e6 3. Nc3 Nf6 4. Bg5 Bb4 5. e3 h6 6. Bh4 c5 7. cxd5 {[%emt 0:03:57] E30: Nimzo-Indian: Leningrad Variation.} Qa5 {[%emt 0:00:11] Nowadays more popular than 7...exd5.} 8. Bxf6 Bxc3+ 9. bxc3 Qxc3+ 10. Ke2 gxf6 11. Rc1 Qb4 $146 ({Predecessor:} 11... Qa3 12. Rxc5 Na6 13. Qc1 Qxc1 14. Rxc1 exd5 15. Kd2 Bf5 16. Ne2 Nb4 17. Ng3 Bg6 {1-0 Grischuk,A (2732)-Kosakowski,J (2479) Wch Blitz Samarkand 2023 (12)}) 12. Qd2 Na6 13. dxc5 O-O 14. Nf3 Rd8 15. d6 b6 16. Qxb4 Nxb4 17. a3 Na6 18. cxb6 axb6 19. Nd4 Nc5 20. Ke1 Rxd6 21. Bc4 Bd7 22. Ra1 e5 23. Nc2 b5 24. Be2 Bf5 25. Rd1 Rxd1+ 26. Bxd1 Bxc2 27. Bxc2 Rxa3 28. Kd2 b4 29. Rc1 Ra2 30. Ke1 Rb2 31. Bh7+ Kxh7 32. Rxc5 Kg6 33. e4 b3 34. Rb5 f5 35. Rb6+ f6 36. exf5+ Kxf5 37. h3 e4 38. g4+ $2 (38. Rb5+ Ke6 (38... Kf4 $2 39. Kf1 $19) 39. g4) 38... Ke5 $19 39. Kf1 Kd4 40. Kg1 Kc5 (40... Kc4 $142 41. Rc6+ Kb5) 41. Rb8 $19 Kc4 42. Rc8+ Kd3 43. Rb8 Kc3 44. Rc8+ Kd2 45. Rb8 Kc1 46. Rb6 Kd1 47. Kf1 Kd2 48. Rb8 Kc3 49. Rc8+ Kd4 50. Rb8 Kc4 51. Rc8+ Kd5 $2 (51... Kd3 52. Rb8 Rb1+ 53. Kg2 Kc3 54. Rc8+ Kb2) 52. Rb8 $2 (52. Rc3) 52... Rb1+ $19 53. Kg2 Kc4 54. Rc8+ Kd3 55. Rb8 Kc2 56. Rc8+ Kd3 57. Rb8 $1 Kc2 58. Rc8+ Kb2 59. Rc6 Rc1 60. Rxf6 Rc2 61. Re6 Kc3 62. Rc6+ Kd3 (62... Kd4 $142 63. Rb6 b2) 63. Rb6 $19 b2 64. Kg3 Kc3 65. Kf4 Rxf2+ 66. Kxe4 Rh2 67. Kf5 Rxh3 68. Kg6 Kc2 69. Rc6+ Rc3 70. Rb6 Rb3 ({Stronger than} 70... b1=B 71. Kxh6 Rh3+ 72. Kg6 $11) 71. Rc6+ Kd2 72. Rb6 0-1

[Event "7th Sharjah Masters 2024"]
[Site "Sharjah"]
[Date "2024.05.18"]
[Round "5.38"]
[White "Erdos, Viktor"]
[Black "Gavrilescu, David"]
[Result "1/2-1/2"]
[ECO "A21"]
[WhiteElo "2546"]
[BlackElo "2540"]
[Annotator "TA"]
[PlyCount "39"]
[EventDate "2024.05.13"]
[EventType "swiss"]
[EventCountry "UAE"]
[SourceTitle "playchess.com"]
[Source "ChessBase"]
[SourceQuality "1"]
[TimeControl "5400+30"]

1. c4 e5 2. Nc3 Bb4 3. Nd5 Be7 4. d4 exd4 5. Qxd4 Nf6 6. Nxe7 Qxe7 7. Bg5 Nc6 8. Qc3 {[%emt 0:00:09] White has an edge.} d6 9. Nf3 Ne5 10. g3 h6 {[%emt 0:06:21] The position is equal.} 11. Bxf6 Qxf6 12. Nd4 Nc6 13. Nb5 Qxc3+ 14. Nxc3 Be6 15. b3 O-O-O 16. Rd1 Nb4 17. Bg2 c6 18. O-O a5 19. Rd2 Rhe8 20. Rfd1 {[%emt 0:20:47] A rather calm draw.   Weighted Error Value: White=0.03 (flawless) /Black=0.02 (flawless) .  OK:         	White=6     	Black=6      Best:        	---       	Black=1} 1/2-1/2

[Event "7th Sharjah Masters 2024"]
[Site "Sharjah"]
[Date "2024.05.18"]
[Round "5.39"]
[White "Banusz, Tamas"]
[Black "Cardoso Cardoso, Jose Gabriel"]
[Result "*"]
[ECO "D02"]
[WhiteElo "2623"]
[BlackElo "2497"]
[Annotator "TA"]
[PlyCount "95"]
[EventDate "2024.05.13"]
[EventType "swiss"]
[EventCountry "UAE"]
[SourceTitle "playchess.com"]
[Source "ChessBase"]
[SourceQuality "1"]
[TimeControl "5400+30"]

1. Nf3 d5 2. d4 Nf6 3. Bf4 c5 4. e3 Nc6 5. Be2 cxd4 6. exd4 {[%emt 0:00:06] D02: 1 d4 d5 2 Nf3 sidelines, including 2...Nf6 3 g3 and 2...Nf6 3 Bf4.} Bg4 7. O-O e6 8. Nbd2 Bd6 9. Bxd6 Qxd6 10. c3 Bxf3 11. Nxf3 O-O 12. Re1 Rfe8 $146 ({Predecessor:} 12... Qc7 13. Bd3 Rab8 14. Rc1 b5 15. b4 Rfc8 16. a3 a5 17. Qd2 h6 18. h3 axb4 19. axb4 {1-0 Sandipan,C (2460)-Ahmad,A (2344) Dubai op-A 23rd 2023 (2)}) 13. Ne5 Nd7 ({Don't play} 13... Nxe5 14. dxe5 Qxe5 15. Bb5 $14) 14. f4 Nf8 15. Qd2 f6 16. Nd3 Re7 17. Bf3 Rae8 18. Re3 (18. g3 $14) 18... Nd7 $11 19. Rae1 f5 20. g4 Nf6 $1 21. Qg2 Ne4 22. Kh1 Rf7 23. Rg1 Kf8 24. Re2 Ree7 25. Qh3 g6 26. Qh4 Ke8 27. Qe1 a5 28. a4 Kd8 29. h4 Kc8 30. Rh2 Rf8 31. g5 Kb8 32. h5 Rc8 33. hxg6 hxg6 34. Rh6 Rg7 35. Rg2 Rcc7 36. Rgh2 Ka7 37. Kg2 Qe7 38. Qe3 b6 (38... Rc8 $14) 39. Be2 Qd6 (39... Rc8 $16) 40. Rh8 $18 Rcd7 (40... Qd7 $16 41. Ne1 Rc8) 41. Ne1 $18 Rd8 42. Nf3 Qb8 $2 (42... Kb7 {is a better defense.} 43. R2h4 Qd7) 43. Qd3 Kb7 $2 ({And not} 43... Rxh8 44. Qa6#) ({Don't blunder} 43... Nb4 $2 44. cxb4 Ka8 45. R2h7 Rxh8 46. Rxg7 $18) (43... Qb7 44. Rxd8 Nxd8) 44. R2h7 $18 Re7 45. Qa6+ Kc7 46. Rxe7+ Nxe7 47. Rh7 Re8 48. Bb5 *

[Event "7th Sharjah Masters 2024"]
[Site "Sharjah"]
[Date "2024.05.18"]
[Round "5.40"]
[White "Yilmaz, Mustafa"]
[Black "Raja Rithvik R"]
[Result "1/2-1/2"]
[ECO "D31"]
[WhiteElo "2641"]
[BlackElo "2524"]
[Annotator "TA"]
[PlyCount "64"]
[EventDate "2024.05.13"]
[EventType "swiss"]
[EventCountry "UAE"]
[SourceTitle "playchess.com"]
[Source "ChessBase"]
[SourceQuality "1"]
[TimeControl "5400+30"]

1. c4 e6 2. Nc3 d5 3. d4 c6 4. e4 dxe4 5. Nxe4 Bb4+ 6. Bd2 Qxd4 7. Bxb4 Qxe4+ 8. Be2 Na6 9. Bd6 {[%emt 0:00:14] Nf3 would now be deadly.} Qxg2 10. Bf3 (10. Qd2 $5 Nf6 (10... Qxh1 $2 11. O-O-O $18) 11. Bf3 $11) 10... Qg5 {[%emt 0:00:03] ...Ne7 is the strong threat.} 11. Ne2 $1 {[%emt 0:00:04] Threatens to win with Rg1.} Ne7 12. Ng3 Qa5+ 13. b4 $1 Nxb4 {[%emt 0:09:41] [#] aiming for ...Nc2+.} 14. O-O $1 Na6 15. Qb3 $1 Nf5 16. Nxf5 Qxf5 17. Kh1 f6 $2 ({Better is} 17... Nc5 $11 18. Qe3 Nd7 (18... Nd3 $2 19. Be4 $18)) 18. Rg1 $16 {[%emt 0:07:16][%mdl 1024] White has strong compensation. White has more active pieces. The black rooks are passive.} Kf7 {[%emt 0:01:03][%mdl 8192] [#]} (18... g6 $16) 19. Rae1 $2 ({Only move:} 19. Bg4 $1 $18 Nc5 (19... Qxf2 $2 {perishes.} 20. Bxe6+ Ke8 21. Bxc8 $18) 20. Qa3 Qe4+ 21. Bf3) 19... Nc5 $1 $11 20. Qe3 Nd3 21. Rd1 (21. Re2 $5 Ne5 $8 22. Bxe5 Qxe5 23. Qxe5 fxe5 24. Rxe5 $19) 21... Ne5 22. Be2 {[%emt 0:04:30] A strong pair of Bishops.} h5 {[%emt 0:10:50] And now ...Ng4 would win.} 23. Rg2 g5 $1 24. Bxe5 Qxe5 25. Qxe5 fxe5 26. Rxg5 Kf6 27. h4 b6 28. Bxh5 Ba6 (28... Rh7 $1 $15 29. Kg2 (29. Rd8 Bb7 $17) 29... Ba6) 29. Rg6+ {[%emt 0:06:58] The position is equal.} Kf5 30. Rg5+ Kf6 {[%emt 0:00:53][%cal Oh8h7] Hoping for ...Rh7!} 31. Rg6+ Kf5 32. Rg5+ Kf6 {[%emt 0:00:28] Weighted Error Value: White=0.33/Black=0.27 (precise) .  Loses game:     	---       	Black=1      Missed win:     	White=1     	---        Mistake:       	---       	Black=2      Inaccurate:     	White=1     	---        OK:         	White=12    	Black=8      Best:        	White=2     	---        Strong:       	White=4     	Black=2} 1/2-1/2

[Event "7th Sharjah Masters 2024"]
[Site "Sharjah"]
[Date "2024.05.18"]
[Round "5.41"]
[White "Sethuraman, S.P."]
[Black "Erdogmus, Yagiz Kaan"]
[Result "0-1"]
[ECO "B13"]
[WhiteElo "2593"]
[BlackElo "2554"]
[Annotator "TA"]
[PlyCount "98"]
[EventDate "2024.05.13"]
[EventType "swiss"]
[EventCountry "UAE"]
[SourceTitle "playchess.com"]
[Source "ChessBase"]
[SourceQuality "1"]
[TimeControl "5400+30"]

1. e4 c6 2. d4 d5 3. exd5 cxd5 4. Bd3 Nc6 5. c3 Qc7 6. h3 e6 $1 {[%emt 0:02:02][%mdl 4] is more profitable than 6...Nf6 at the moment. B13: Caro-Kann: Exchange Variation and Panov-Botvinnik Attack.} 7. Nf3 Bd6 8. O-O Nge7 9. Re1 O-O 10. b3 Ng6 11. Ba3 Bd7 $146 ({Predecessor:} 11... Bxa3 12. Nxa3 Qa5 13. Nb1 Re8 14. Qc2 Qc7 15. Nbd2 Bd7 16. a3 e5 17. dxe5 Ncxe5 18. Nxe5 Rxe5 {1-0 Uzun,F (1966)-Yarar,M (1784) TUR-chT 1st League 2019 (3.7)}) 12. Bxd6 Qxd6 13. Nbd2 Rac8 14. Nf1 Nf4 15. Bc2 f6 16. Ne3 Be8 17. h4 (17. g3 $11 {remains equal.} Nxh3+ 18. Kg2) 17... Bh5 $17 18. g4 (18. g3 $15) 18... Bg6 19. Bxg6 hxg6 20. Ng2 Nh3+ 21. Kf1 e5 22. Ng1 Nxg1 23. Kxg1 e4 24. f4 (24. Qd2 $142) 24... b5 25. b4 Nd8 26. Qb3 f5 27. a4 $2 (27. gxf5 {is tougher.} gxf5 28. Re3) 27... Ne6 $19 (27... fxg4 28. Rxe4 Ne6 29. Re5 bxa4 (29... Nxf4 30. Nxf4 Rxf4 31. Rxd5 $11) 30. Rxa4 $15) 28. axb5 Nxf4 29. Ra6 Nh3+ 30. Kh1 Qg3 31. Re3 Qxg4 (31... Nf2+ 32. Kg1 Nh3+ (32... Qxg4 $2 33. Qxd5+ Kh8 34. Qe6 $19) 33. Kh1 Nf2+ (33... Qxg4 34. Kh2 $19) 34. Kg1 Qxg4 (34... Nh3+ $2 35. Kh1 $19) 35. Qxd5+ (35. Kxf2 $2 f4 $19) 35... Kh8 36. Qe6 $19 (36. Kxf2 $2 f4 $19)) (31... Qf2 $142 32. Ra1 (32. Rxh3 $2 fxg4 33. Qxd5+ Kh8 $19) (32. Qxd5+ $2 Kh8 $19) 32... Nf4 (32... fxg4 $2 33. Qxd5+ Kh7 34. Qa2 $19)) 32. Qxd5+ $2 (32. Kh2 {nothing else works.} Nf4 33. Rg3) 32... Kh7 $19 33. Ra2 f4 34. Qxe4 Rce8 35. Qxe8 Rxe8 (35... fxe3 $2 36. Qxf8 e2 37. Qe7 (37. Rxa7 $2 e1=Q+) 37... Nf2+ 38. Kg1 Nh3+ 39. Kh2 $18) 36. Rxe8 f3 37. Rf8 Qg3 38. d5 Nf2+ 39. Rxf2 Qxf2 40. Nf4 Qe1+ (40... Qg3 $142 41. h5 g5 42. Rh8+ Kxh8 43. h6 gxf4 (43... Qxf4 44. hxg7+ Kxg7 45. Kg1 Qg3+ 46. Kf1 Qg2+ 47. Ke1 Qe2#) 44. hxg7+ Kxg7 45. d6 Qg2#) 41. Kh2 $19 f2 (41... Qxc3 $2 42. Ne6 Qd2+ (42... Qxb4 43. Ng5+ Kh6 44. Rh8#) 43. Kg3 $19) 42. Nh3 f1=N+ ({Not} 42... f1=R 43. Ng5+ Kh6 44. Rh8#) 43. Kg2 Qg3+ 44. Kxf1 Qxh3+ 45. Ke2 Qxc3 46. Rf4 Qe5+ 47. Kf3 Qxd5+ 48. Kg3 Qxb5 49. Rg4 Kh6 0-1

[Event "7th Sharjah Masters 2024"]
[Site "Sharjah"]
[Date "2024.05.18"]
[Round "5.42"]
[White "Sivuk, Vitaly"]
[Black "Klimkowski, Jan"]
[Result "1-0"]
[ECO "E00"]
[WhiteElo "2544"]
[BlackElo "2518"]
[Annotator "RC"]
[PlyCount "146"]
[EventDate "2024.05.13"]
[EventType "swiss"]
[EventCountry "UAE"]
[SourceTitle "playchess.com"]
[Source "ChessBase"]
[SourceQuality "1"]
[TimeControl "5400+30"]

1. d4 Nf6 2. c4 e6 3. Bg5 h6 4. Bh4 Bb4+ 5. Nd2 O-O 6. Ngf3 d5 7. Rc1 Nbd7 8. e3 c5 9. a3 Bxd2+ 10. Qxd2 cxd4 11. Qxd4 Qa5+ 12. Qd2 Qb6 13. b4 dxc4 14. Bxc4 a5 15. O-O axb4 16. axb4 Ne4 17. Qc2 Ndf6 18. b5 Bd7 19. Ne5 Qd6 20. Nxd7 Qxd7 21. Rfd1 Qc7 22. f3 Ng5 23. Bg3 Qb6 24. Qf2 Rfc8 25. e4 Qa5 26. Qb2 Ngh7 27. Bf2 Nf8 28. b6 N6d7 29. Bf1 Rxc1 30. Rxc1 Rd8 31. Rc7 Qa8 32. Bd4 e5 33. Bxe5 Ne6 34. Bg3 Nxc7 35. bxc7 Rc8 36. Qb5 Nf8 37. h4 Qa7+ 38. Kh2 b6 39. Bc4 Rxc7 40. Bxc7 Qxc7+ 41. g3 Nd7 42. f4 Kf8 43. e5 Nc5 44. Qb1 Ne6 45. Qe4 Qc5 46. f5 Qd4 47. Qa8+ Qd8 48. Qb7 Qc7 49. Qd5 Nd8 50. Kh3 Ke7 51. Bb5 Kf8 52. Kg4 Qe7 53. Kh5 g6+ 54. fxg6 Kg7 55. gxf7 Nxf7 56. e6 Qf6 57. Bd3 Ne5 58. Be4 b5 59. Qb7+ Kf8 60. Qh7 Qxe6 61. Qh8+ Ke7 62. Qg7+ Ke8 63. Bc2 Kd8 64. Qf8+ Kc7 65. Bf5 Qd5 66. Qc8+ Kb6 67. Qe6+ Kc5 68. Qxd5+ Kxd5 69. Kxh6 b4 70. Kg7 b3 71. h5 Kd4 72. h6 Nd3 73. Bxd3 Kd5 1-0

[Event "7th Sharjah Masters 2024"]
[Site "Sharjah"]
[Date "2024.05.18"]
[Round "5.43"]
[White "Avila Pavas, Santiago"]
[Black "Suleymenov, Alisher"]
[Result "1-0"]
[ECO "B90"]
[WhiteElo "2516"]
[BlackElo "2501"]
[Annotator "TA"]
[PlyCount "91"]
[EventDate "2024.05.13"]
[EventType "swiss"]
[EventCountry "UAE"]
[SourceTitle "playchess.com"]
[Source "ChessBase"]
[SourceQuality "1"]
[TimeControl "5400+30"]

1. e4 c5 2. Nf3 d6 3. d4 cxd4 4. Nxd4 Nf6 5. Nc3 a6 6. Be3 e5 7. Nb3 Be7 8. f3 Be6 9. Qd2 h5 10. Be2 Nbd7 11. a4 Qc7 12. O-O O-O {[%emt 0:00:30] The position is equal.} 13. Rfc1 Nc5 14. Nxc5 dxc5 15. a5 h4 16. Na4 Rad8 17. Qc3 Rd4 18. Qe1 Nh5 19. Nb6 Nf4 20. Bxf4 exf4 21. c3 Rd6 22. Bc4 Bxc4 23. Nxc4 Rg6 {[%emt 0:00:30] [#] White leaves nothing to chance now.} ({Black should play} 23... Rd7 $14) 24. h3 $1 $16 Qc8 25. Kh2 Qe6 26. Qe2 Rg3 27. Rd1 g5 (27... Rg5 $142 28. Rd2 Rc8) 28. Rd5 $18 Qh6 29. Ne5 Qe6 30. Qc4 b5 $2 {[%emt 0:00:30] [#]} (30... Rb8 31. Qd3 Rc8) 31. axb6 {[%emt 0:00:30] White is clearly winning.} Qxb6 {[%emt 0:00:30][%cal Og3g2] Black is weak on the light squares} 32. Rd2 (32. Rxa6 Qxb2 33. Qf1 Qxc3 $16) 32... Qb5 33. Qxb5 axb5 34. Ra7 Re8 35. Rdd7 Bf8 36. Ng4 Rxg4 37. hxg4 {[%emt 0:00:30][%mdl 4096] Endgame. KRR-KRB} (37. fxg4 Rxe4 38. Rxf7 Re2 $18) 37... f6 38. Kg1 b4 39. c4 Kh8 40. Kf2 Rb8 41. Ke2 Re8 42. Rf7 Rd8 43. b3 Bd6 44. Rxf6 Be5 45. Rf5 Bc3 46. Rd5 {[%emt 0:00:30] Weighted Error Value: White=0.09 (flawless) /Black=0.43.  Mistake:       	---       	Black=3      Inaccurate:     	White=3     	Black=1      OK:         	White=14    	Black=3      Best:        	White=1     	---        Strong:       	White=1     	---} ({And not} 46. Rxc5 h3 (46... Rd2+ 47. Kf1 $11) 47. gxh3 Rd2+ 48. Kf1 Rd1+ 49. Kg2 Rd2+ 50. Kh1 Rd1+ 51. Kg2 Rd2+ 52. Kh1 Rd1+ 53. Kg2 $11) 1-0